 Dungeon Crawl Stone Soup version 0.25.1-2-g60ff931df9 (webtiles) character file.

Game seed: 16937562821828500428

710 gruber the Slasher (level 7, 0/61 HPs)
             Began as a Deep Dwarf Fighter on Aug 21, 2020.
             Killed by nerve-wracking pain
             ... invoked by a shadow imp
              (11 damage)
             ... on level 6 of the Dungeon.
             The game lasted 00:05:29 (3599 turns).

gruber the Slasher (Deep Dwarf Fighter)             Turns: 3599, Time: 00:05:30

Health: 0/61       AC:  7    Str: 21    XL:     7   Next: 40%
Magic:  6/6        EV:  7    Int:  9    God:
Gold:   199        SH:  9    Dex: 12    Spells: 6/6 levels left

rFire    . . .     SeeInvis .   a - +0 long sword
rCold    . . .     Gourm    .   c - +0 kite shield
rNeg     . . .     Faith    .   b - +0 scale mail
rPois    .         Spirit   .   (no helmet)
rElec    .         Reflect  .   (no cloak)
rCorr    .         Harm     .   (no gloves)
MR       +....                  (no boots)
Stlth    ..........             (no amulet)
HPRegen  0.00/turn              (no ring)
MPRegen  0.10/turn              (no ring)

@: non-regenerating, lightly drained
A: damage resistance, heal wounds, sense surroundings 1, no regeneration
a: Heal Wounds


You were on level 6 of the Dungeon.
You were not hungry.

You visited 1 branch of the dungeon, and saw 6 of its levels.

You collected 199 gold pieces.

Inventory:

Hand Weapons
 a - a +0 long sword (weapon)
Missiles
 l - 27 poisoned darts (quivered)
Armour
 b - a +0 scale mail (worn)
 c - a +0 kite shield (worn)
 u - a +0 plate armour
Jewellery
 i - an uncursed ring of ice
 w - a cursed ring of teleportation {unknown}
Scrolls
 e - 4 scrolls of remove curse {unknown}
 j - 4 scrolls of identify {unknown}
 k - a scroll of magic mapping {unknown}
 n - 3 scrolls of fear {unknown}
 o - 3 scrolls of immolation {unknown}
 p - 5 scrolls of teleportation {unknown}
 r - 2 scrolls of fog {unknown}
 s - a scroll of enchant armour {unknown}
 x - a scroll of amnesia {unknown}
 y - a scroll of noise {unknown}
Potions
 d - 2 potions of might
 g - 2 potions of magic {unknown}
 h - a potion of berserk rage {unknown}
 m - 2 potions of mutation {unknown}
 q - a potion of curing {unknown}
 t - a potion of haste {unknown}
 v - a potion of heal wounds {unknown}
 A - a potion of stabbing {unknown}
 B - a potion of invisibility {unknown}
Comestibles
 f - 11 rations
 z - 2 chunks of flesh


   Skills:
 - Level 2.6(2.5) Fighting
 - Level 7.0(6.8) Long Blades
 - Level 5.3(5.1) Armour
 * Level 4.3(4.2) Shields


You had 6 spell levels left.
You didn't know any spells.
Your spell library was empty.

Dungeon Overview and Level Annotations

Branches:
Dungeon (6/15)
 Temple: D:4-7

Altars:

Shops:
D:4 %


Innate Abilities, Weirdness & Mutations

You are resistant to damage.
You can heal yourself by infusing magical energy.
You passively map a small area around you.
You do not regenerate.


Message History

A shadow imp is nearby!
You barely miss the shadow imp. The shadow imp gestures at you.
Pain shoots through your body!
* * * LOW HITPOINT WARNING * * *
You completely miss the shadow imp. You block the shadow imp's attack.
The shadow imp shouts, "Return whence thou came, thou puking gravel-groveling simpleton!"
The shadow imp hits you but does no damage.
You hit the shadow imp.
The shadow imp is lightly wounded.
The shadow imp hits you.
You hit the shadow imp.
The shadow imp is heavily wounded.
The shadow imp hits you.
* * * LOW HITPOINT WARNING * * *
You hit the shadow imp.
The shadow imp is heavily wounded.
The shadow imp gestures at you. Pain shoots through your body!
You die...

* * * * , , .. * * *, ,
#.. ,* ,######### #.## *
........# #..#, ,
,,#######.####..# , ** *
#.............#* #, , , ,
#.#####.....(.##.#
#...@5...........#.# ,
############........ , ,
, ,...........###.# *
,###############.#### *
,#............)#.#
#.........#####.######
*,#.........#............
,,
#.........#...#.###.##. *
######'#.#...#.# *


You could see a shadow imp.

Vanquished Creatures
  An ice beast (D:5)
  A centaur (D:5)
  A wight (D:6)
  2 orc priests
  3 orc wizards
  Natasha (thrice) (D:4)
  3 worker ants
  A hound skeleton (D:5)
  8 adders
  A shadow imp (D:5)
  An adder zombie (D:5)
  4 worms
  5 dart slugs
  4 leopard geckos
  7 orcs
  A ball python (D:5)
  5 bats
  7 giant cockroaches
  4 goblins
  7 hobgoblins
  9 jackals
  4 quokkas
  5 frilled lizards
  3 kobolds
  A leopard gecko skeleton (D:4)
  6 rats
97 creatures vanquished.

Vanquished Creatures (others)
  2 orcs (D:5)
2 creatures vanquished.

Grand Total: 99 creatures vanquished

Notes
Turn   | Place    | Note
-------+----------+-------------------------------------------
     0 | D:1      | gruber the Deep Dwarf Fighter began the quest for the Orb.
     0 | D:1      | Reached XP level 1. HP: 20/20 MP: 1/1
   132 | D:1      | Reached XP level 2. HP: 24/27 MP: 2/2
   324 | D:1      | Reached skill level 3 in Long Blades
   491 | D:2      | Reached XP level 3. HP: 29/33 MP: 3/3
   596 | D:2      | Reached skill level 4 in Long Blades
   990 | D:2      | Reached XP level 4. HP: 12/40 MP: 4/4
  1395 | D:3      | Reached skill level 5 in Long Blades
  1398 | D:3      | Reached XP level 5. HP: 22/46 MP: 4/4
  2180 | D:4      | Reached skill level 6 in Long Blades
  2210 | D:4      | Reached XP level 6. HP: 34/55 MP: 5/5
  2386 | D:4      | Found Oqeig's Food Shop.
  2413 | D:4      | Noticed Natasha
  2418 | D:4      | Killed Natasha
  2525 | D:4      | Noticed Natasha
  2530 | D:4      | Killed Natasha
  2570 | D:4      | Noticed Natasha
  2576 | D:4      | Killed Natasha
  2576 | D:4      | Reached skill level 7 in Long Blades
  2607 | D:5      | Entered Level 5 of the Dungeon
  3139 | D:5      | Noticed an ice beast
  3143 | D:5      | Killed an ice beast
  3143 | D:5      | Reached skill level 5 in Armour
  3143 | D:5      | Reached XP level 7. HP: 35/61 MP: 6/6
  3599 | D:6      | Killed from afar by a shadow imp

Illustrated notes

Levels and vault maps discovered:
D:1:      minmay_arrival_semitransparent, layout_basic
D:2:      layout_loops_ring, minmay_tree_intersection
D:3:      layout_basic
D:4:      layout_basic, serial_shops, shop, uniq_natasha
D:5:      layout_loops_corners, first_ration, lemuel_old_faithful
D:6:      layout_basic, hellmonk_ghost_happy_afterlife, uniq_menkaure,
          uniq_duvessa

Skill      XL: |  1  2  3  4  5  6  7 |
---------------+----------------------+-----
Long Blades    | 3 4 5 6 7 |  7.0
Armour         | 5 |  5.3
Shields        | 4 |  4.3
Fighting       | |  2.6

Action                   |  1- 3 |  4- 6 |  7- 9 || total
-------------------------+-------+-------+-------++-------
Melee: Long sword        |    87 |   256 |    39 ||   382
Throw: Dart              |     8 |     9 |       ||    17
 Abil: Heal Wounds       |       |     5 |       ||     5
  Eat: Chunk             |       |     8 |     1 ||     9
Armor: Scale mail        |    30 |    88 |    12 ||   130
Dodge: Dodged            |    27 |    53 |     9 ||    89
Block: Kite shield       |    50 |   109 |    14 ||   173
       Rpst.: Long sword |     9 |    14 |     5 ||    28
